 Dungeon Crawl Stone Soup version 0.29.1-1-gd02db6906a (webtiles) character file.

Game seed: 12212230493984506035

336 LustLizard the Slasher (level 6, -6/48 HPs)
             Began as a Human Fighter on Oct 3, 2022.
             Mangled by Pikel
             ... wielding a +2 whip of freezing
              (11 damage)
             ... on level 4 of the Dungeon.
             The game lasted 00:04:31 (3494 turns).

LustLizard the Slasher (Human Fighter)              Turns: 3494, Time: 00:04:32

Health: -6/48      AC: 11    Str: 16    XL:     6   Next: 84%
Magic:  6/6        EV: 10    Int:  8    God:
Gold:   259        SH:  5    Dex: 15    Spells: 5/5 levels left

rFire   . . .      SeeInvis .   a - +0 long sword
rCold   . . .      Faith    .   c - +0 buckler
rNeg    . . .      Spirit   .   u - +0 chain mail
rPois   .          Reflect  .   l - +0 helmet
rElec   .          Harm     .   s - +0 cloak
rCorr   .          Rampage  .   (no gloves)
Will    .....                   (no boots)
Stlth   ..........              (no amulet)
HPRegen 0.16/turn               i - +4 ring of evasion
MPRegen 0.10/turn               (no ring)

@: no status effects
A: no striking features
a: no special abilities


You were on level 4 of the Dungeon.
You visited 1 branch of the dungeon, and saw 4 of its levels.

You collected 259 gold pieces.

Inventory:

Hand Weapons
 a - a +0 long sword (weapon)
Armour
 b - a +0 scale mail
 c - a +0 buckler (worn)
 l - a +0 helmet (worn)
 s - a +0 cloak (worn)
 u - a +0 chain mail (worn)
Jewellery
 i - a +4 ring of evasion (left hand)
 j - a ring of magical power
 k - a ring of fire
Wands
 y - a wand of flame (35)
Scrolls
 e - a scroll of noise {unknown}
 g - a scroll of fear {unknown}
 h - a scroll of blinking {unknown}
 n - 2 scrolls of identify {unknown}
 o - a scroll of brand weapon {unknown}
 t - a scroll of torment {unknown}
 w - a scroll of summoning {unknown}
 x - 3 scrolls of teleportation {unknown}
Potions
 d - a potion of might
 f - a potion of degeneration {unknown}
 m - a potion of heal wounds {unknown}
 p - a potion of lignification {unknown}
 q - a potion of ambrosia {unknown}
 r - 2 potions of invisibility {unknown}
 v - a potion of berserk rage


   Skills:
 + Level 4.1 Fighting
 * Level 4.5 Long Blades
 + Level 4.1 Armour
 + Level 4.1 Shields


You had 5 spell levels left.
You didn't know any spells.
Your spell library contained the following spells:

 Spells                   Type           Power      Damage    Failure   Level
 Necrotise                Necr           0%         1d4       100%        1
 Gell's Gravitas          Tloc           0%         N/A       100%        3
 Teleport Other           Tloc           0%         N/A       100%        3
 Vampiric Draining        Necr           0%         2d6       100%        3
 Agony                    Necr           0%         N/A       100%        5
 Freezing Cloud           Conj/Ice/Air   0%         6-21      100%        5
 Dispersal                Tloc           0%         N/A       100%        6
 Simulacrum               Ice/Necr       0%         N/A       100%        6
 Polar Vortex             Ice            0%         N/A       100%        9


Dungeon Overview and Level Annotations

Branches:
Dungeon (4/15)
 Temple: D:4-7

Altars:
The Shining One

Annotations:
D:4 Pikel


Message History

Found 13 gold pieces.
Found a sedimented grey potion.
You open the door.
A goblin zombie comes into view.
You hit the goblin zombie.
The goblin zombie is lightly damaged.
The goblin zombie closely misses you.
You hit the goblin zombie.
The goblin zombie is severely damaged.
The goblin zombie hits you but does no damage.
You slash the goblin zombie!
You destroy the goblin zombie!
There is an open door here.
Pikel and 3 lemures come into view.
Pikel is wielding a +2 whip of freezing and carrying a wand of flame (23).
Pikel shouts!
The lemure shouts!
A lemure comes into view.
The lemure shouts!
The lemure completely misses you. The lemure attacks as you move away!
The lemure hits you but does no damage.
There is an open door here.
You slash the lemure!
The lemure is heavily wounded.
The lemure hits you.
You closely miss the lemure.
The lemure is heavily wounded.
The lemure barely misses you.
Pikel drinks a potion.
Pikel goes berserk!
You hit the lemure.
The lemure is heavily wounded.
You hit Pikel but do no damage. Pikel misses you.
Pikel hits you with a +2 whip of freezing!
Pikel freezes you.
You hit Pikel.
Pikel is lightly wounded.
Pikel hits you with a +2 whip of freezing!
* * * LOW HITPOINT WARNING * * *
Pikel freezes you.
* * * LOW HITPOINT WARNING * * *
Pikel hits you with a +2 whip of freezing!
You die...

# ..#...... ##. ........
## ..###+###...... ##.
#......$#..... ##..
###.....###...# ##...
#@##...##.# ..##
#...!###K###.###'###..##
#......55..............#
#......#######....#....#
######.# ####)#..### #..
#<)..# ##5# #)##.# .5
#.##.# #.# #.##.#


You could see Pikel (berserk) and 2 lemures.

Vanquished Creatures
  Edmund (D:4)
  An iguana (D:3)
  Natasha (thrice) (D:3)
  Robin (D:2)
  3 adders (D:2)
  2 worms (D:2)
  2 dart slugs
  4 orcs (D:4)
  6 bats
  4 endoplasms
  6 giant cockroaches
  7 hobgoblins
  A quokka (D:2)
  5 ball pythons
  4 frilled lizards
  15 goblins
  2 goblin zombies (D:4)
  9 kobolds
  4 rats
80 creatures vanquished.

Notes
Turn   | Place    | Note
-------+----------+-------------------------------------------
     0 | D:1      | LustLizard the Human Fighter began the quest for the Orb.
     0 | D:1      | Reached XP level 1. HP: 18/18 MP: 1/1
    48 | D:1      | Found a faded altar of an unknown god.
   154 | D:1      | Reached XP level 2. HP: 23/24 MP: 2/2
   630 | D:1      | Reached XP level 3. HP: 24/29 MP: 3/3
  1266 | D:2      | Reached XP level 4. HP: 24/35 MP: 4/4
  1713 | D:2      | Noticed Robin
  1751 | D:2      | Killed Robin
  1757 | D:2      | Reached XP level 5. HP: 27/41 MP: 5/5
  2644 | D:3      | Found a glowing golden altar of the Shining One.
  2862 | D:3      | Noticed Natasha
  2865 | D:3      | Killed Natasha
  3048 | D:3      | Noticed Natasha
  3055 | D:3      | Killed Natasha
  3056 | D:3      | Reached XP level 6. HP: 30/48 MP: 6/6
  3188 | D:3      | Noticed Natasha
  3209 | D:3      | Killed Natasha
  3331 | D:4      | Noticed Edmund
  3339 | D:4      | Killed Edmund
  3484 | D:4      | Noticed Pikel
  3494 | D:4      | Mangled by Pikel

Illustrated notes

Levels and vault maps discovered:
D:1:      ebering_hopf_link, layout_basic, hellmonk_ecumenical_altar_lost_god,
          item_on_display_a
D:2:      minmay_recursive_quarters, layout_loops_ring, uniq_robin
D:3:      layout_rooms, tso_oasis_becter, nicolae_underground_beach,
          uniq_natasha
D:4:      layout_rooms, minmay_temple_entry_tees, nicolae_ossuary_entry_giza,
          chequers_serial_rivers_room_a, uniq_menkaure, uniq_edmund, uniq_pikel,
          uniq_blork_the_orc

Skill      XL: |  1  2  3  4  5  6 |
---------------+-------------------+-----
Long Blades    | 3 4 |  4.5
Fighting       | 4 |  4.1
Armour         | 4 |  4.1
Shields        | 4 |  4.1

Action                   |  1- 3 |  4- 6 || total
-------------------------+-------+-------++-------
Melee: Long sword        |   134 |   146 ||   280
  Use: Potion            |       |     1 ||     1
Armor: Scale mail        |    65 |    22 ||    87
       Chain mail        |       |    28 ||    28
Dodge: Dodged            |   104 |    79 ||   183
Block: Buckler           |    52 |    35 ||    87
